 Dungeon Sprint DCSS version 0.29-a0-925-g0a7a3d12f8 (webtiles) character file.

Game seed: 7937410030729731656

1 rocky1 the Trooper (level 1, -1/18 HPs)
             Began as a Demonspawn Monk on July 28, 2022.
             Was a Believer of Qazlal.
             Slain by a scorpion (3 damage)
             ... in the Dungeon (Sprint VII: "The Pits").
             The game lasted 00:01:00 (83 turns).

rocky1 the Trooper (Demonspawn Monk)                  Turns: 83, Time: 00:01:01

Health: -1/18      AC:  2    Str: 11    XL:     1   Next: 16%
Magic:  1/1        EV: 13    Int: 11    God:    Qazlal [**....]
Gold:   0          SH:  2    Dex: 15    Spells: 0/0 levels left

rFire   . . .      SeeInvis .   m - +2 falchion
rCold   . . .      Faith    .   (no shield)
rNeg    . . .      Spirit   .   b - +0 robe
rPois   .          Reflect  .   (no helmet)
rElec   .          Harm     .   (no cloak)
rCorr   .          Rampage  .   (no gloves)
Will    .....      NoTele   +   (no boots)
Stlth   ++........              (no amulet)
HPRegen 0.06/turn               (no ring)
MPRegen 0.07/turn               (no ring)

@: lethally poisoned (-1 -> -8)
A: no striking features
a: Renounce Religion, Upheaval


You were in the Dungeon.
You worshipped Qazlal.
Qazlal was pleased with you.
You visited 1 branch

Inventory:

Hand Weapons
 a - a +0 falchion
 m - a +2 falchion (weapon)
Armour
 b - a +0 robe (worn)
Scrolls
 i - a scroll of blinking
 k - 5 scrolls of amnesia
 l - a scroll of summoning
Potions
 c - a potion of ambrosia
 d - a potion of curing
 e - a potion of heal wounds
 f - a potion of haste
 g - 4 potions of magic
 h - 3 potions of berserk rage
 j - 2 potions of invisibility


   Skills:
 * Level 3.2 Fighting
 * Level 2.9 Long Blades
 + Level 0.0 Armour
 + Level 2.9 Dodging
 - Level 1.8 Stealth
 * Level 0.0 Invocations


You couldn't memorise any spells.
You didn't know any spells.
Your spell library was empty.

Dungeon Overview and Level Annotations

Branches:
Dungeon (1/1)

Altars:
Ashenzari
Cheibriados
Dithmenos
Fedhas
Gozag
Hepliaklqana
Kikubaaqudgha
Makhleb
Nemelex Xobeh
Okawaru
Qazlal
Ru
Sif Muna
Trog
Uskayaw
Vehumet
Wu Jian
Xom
Yredelemnul
Jiyva
Lugonu


Message History

a +2 quarterstaff of draining; a +2 trident
Things that are here:
a +2 mace; a +2 hand axe
There is an open door here.
There is an open door here.
Things that are here:
a +2 mace; a +2 hand axe
Things that are here:
a +2 quarterstaff of draining; a +2 trident You see here a +2 dagger.
There is an open door here.
You see here a giant cockroach corpse.
You open the door.
A scorpion comes into view.
Okay, then.
Unknown command.
You block the scorpion's attack.
There is an open door here.
You closely miss the scorpion. The scorpion stings you.
The scorpion misses you.
You closely miss the scorpion. The scorpion barely misses you.
You slash the scorpion!
The scorpion is heavily wounded.
The scorpion stings you.
You are lethally poisoned!
The scorpion poisons you!
You hit the scorpion.
The scorpion is heavily wounded.
You feel very sick. The scorpion misses you. The scorpion closely misses you.
You barely miss the scorpion.
The scorpion is heavily wounded.
* * * LOW HITPOINT WARNING * * *
You feel very sick. The scorpion closely misses you.
You slash the scorpion!
The scorpion is almost dead.
* * * LOW HITPOINT WARNING * * *
You feel sick. The scorpion stings you.
You die...

############
#_________.#
#_________.#
#_______...###########++
##########'##...........
#.?(.')))'.##......#..#.
##########.##...........
#.........†.'...........
#+#####@#####......#..#.
#.s# #........... +..+
####'#####++ ####
#.......# #.......#
#.......# #...<...#
#.......# #.......#


You could see a scorpion.

Vanquished Creatures
  A giant cockroach (D)
1 creature vanquished.

Notes
Turn   | Place    | Note
-------+----------+-------------------------------------------
     0 | D        | rocky1 the Demonspawn Monk began the quest for the Orb.
     0 | D        | Reached XP level 1. HP: 18/18 MP: 1/1
    23 | D        | Found a bloodstained altar of Trog.
    23 | D        | Found a shimmering blue altar of Sif Muna.
    23 | D        | Found a viscous altar of Jiyva.
    23 | D        | Found a hazy altar of Hepliaklqana.
    23 | D        | Found an opulent altar of Gozag.
    24 | D        | Found a basalt altar of Yredelemnul.
    24 | D        | Found a shimmering altar of Xom.
    24 | D        | Found an ornate altar of the Wu Jian Council.
    24 | D        | Found a sacrificial altar of Ru.
    24 | D        | Found a stormy altar of Qazlal.
    24 | D        | Found an iron altar of Okawaru.
    24 | D        | Found a sparkling altar of Nemelex Xobeh.
    24 | D        | Found a burning altar of Makhleb.
    24 | D        | Found a blossoming altar of Fedhas.
    24 | D        | Found a shadowy altar of Dithmenos.
    24 | D        | Found a snail-covered altar of Cheibriados.
    27 | D        | Found a corrupted altar of Lugonu.
    27 | D        | Found a radiant altar of Vehumet.
    28 | D        | Found an ancient bone altar of Kikubaaqudgha.
    28 | D        | Found a hide-covered altar of Uskayaw.
    28 | D        | Found a broken altar of Ashenzari.
    31 | D        | Became a worshipper of Qazlal Stormbringer
    31 | D        | Reached * piety under Qazlal
    31 | D        | Reached ** piety under Qazlal
    76 | D        | Noticed a scorpion
    83 | D        | Slain by a scorpion

Illustrated notes

Levels and vault maps discovered:
D:        pitsprint [storerooms_1, entrance_room_1, metal_vault_3, armoury_3,
          mini_pit_1, grid_room_1, main_hall_1, silver_pit, the_coven_3,
          the_vestibule_1, steel_vault_5, golden_pit, hallway_of_sentries,
          crystal_vault_6, iron_vault_4, final_vault]

Action                   || total
-------------------------++-------
Melee: Falchion          ||    10
 Stab: Sleeping          ||     1
Armor: Robe              ||     2
Dodge: Dodged            ||     7
Block: Other             ||     1

Table legend: (Time is in decaauts)
 A = Elapsed time spent in this place.
 B = Non-inter-level travel time spent in this place.
 C = Inter-level travel time spent in this place.
 D = Time resting spent in this place.
 E = Time spent auto-exploring this place.
 F = Levels seen in this place.
 G = Mean time per level.
                   A        B        C        D        E       F      G
               +--------+--------+--------+--------+--------+-----+--------+
         Total |     83 |     83 |      0 |      0 |      0 |   1 |   83.0 |
       Dungeon |     83 |     83 |      0 |      0 |      0 |   1 |   83.0 |
               +--------+--------+--------+--------+--------+-----+--------+

Top non-repeatable levels by time:
       D: 83 daAuts
